 Dungeon Crawl Stone Soup version 0.32-a0-818-gb728d0252e (webtiles) character file.

Game seed: 5692786168528037110

107 Rohain the Covered (level 4, -1/38 HPs)
             Began as an Armataur Fighter on Mar 23, 2024.
             Killed by nerve-wracking pain
             ... invoked by an orc priest
              (11 damage)
             ... on level 4 of the Dungeon.
             The game lasted 00:02:09 (1516 turns).

Rohain the Covered (Armataur Fighter)               Turns: 1516, Time: 00:02:09

Health: -1/38      AC: 12    Str: 24    XL:     4   Next: 56%
Magic:  4/4        EV:  6    Int:  8    God:
Gold:   90         SH:  4    Dex:  9    Spells: 3/3 levels left

rFire   . . .        a - +0 long sword
rCold   . . .        c - +0 buckler
rNeg    . . .        b - +0 scale mail
rPois   .            (no helmet)
rElec   .            j - +0 cloak
rCorr   .            (no gloves)
SInv    .            (no barding)
Will    .....        (no amulet) Stlth
                     l - +4 ring of protection
HPRegen 0.26/turn    (no ring)
MPRegen 0.09/turn

%: roll
@: no status effects
A: large, deformed body, tough skin 3, armoured tail, rollpage 1
a: Convert to Beogh


You were on level 4 of the Dungeon.
You visited 1 branch of the dungeon, and saw 4 of its levels.

You collected 90 gold pieces.

Inventory:

Hand Weapons
 a - a +0 long sword (weapon)
Armour
 b - a +0 scale mail (worn)
 c - a +0 buckler (worn)
 j - a +0 cloak (worn)
Jewellery
 l - a +4 ring of protection (left hand)
Scrolls
 h - 3 scrolls of amnesia
 k - a scroll of immolation
Potions
 d - a potion of might
 e - a potion of haste
 f - a potion of degeneration {unknown}
 g - a potion of lignification {unknown}
 i - a potion of magic {unknown}
 m - a potion of curing {unknown}
 n - 2 potions of invisibility {unknown}


   Skills:
 + Level 3.2 Fighting
 * Level 3.1 Long Blades
 + Level 4.3 Armour
 + Level 3.9 Shields


You had 3 spell levels left.
You didn't know any spells.
Your spell library contained the following spells:

 Spells                   Type           Power      Damage    Failure   Level
 Cigotuvi's Dreadful Rot  Necr/Alch/Air  0%         N/A       88%         2
 Ignite Poison            Fire/Alch      0%         N/A       100%        4
 Freezing Cloud           Conj/Ice/Air   0%         6-21      100%        5


Dungeon Overview and Level Annotations

Branches:
Dungeon (4/15)
 Temple: D:4-7

Altars:

Shops:
D:3 (


Innate Abilities, Weirdness & Mutations

Armour fits poorly on your strangely shaped body.
You have extremely tough skin. (AC +3)
You have a long armoured tail.
You regenerate magic when rolling toward enemies. (Rampage MPRegen)


Message History

The orc priest begins to cast a cantrip, but forgets the words!
You hit the orc but do no damage.
The orc is heavily wounded.
The orc hits you but does no damage. The orc closely misses you.
The orc priest calls upon Beogh to heal the orc.
The orc's wounds heal themselves!
You closely miss the orc. The orc hits you but does no damage.
You slash the orc!
You kill the orc!
You hit the orc priest but do no damage.
Your tail-slap misses the orc priest.
The orc priest begins to cast a cantrip, but forgets the words!
The orc priest hits you but does no damage.
You hit the orc priest.
The orc priest is moderately wounded.
The orc priest hits you with a +0 falchion.
You hit the orc priest but do no damage.
You tail-slap the orc priest, but do no damage.
The orc priest is moderately wounded.
The orc priest barely misses you.
You barely miss the orc priest.
The orc priest shouts, "The Pantheon deserves no one's loyalty.
Let us show you the true path!"
The orc priest is moderately wounded.
The orc priest hits you with a +0 falchion.
The orc priest invokes the aid of Beogh against you.
Pain shoots through your body!
You hit the orc priest but do no damage.
The orc priest is moderately wounded.
A ball python comes into view.
The orc priest hits you with a +0 falchion.
You hit the orc priest but do no damage.
The orc priest is moderately wounded.
The orc priest calls down the wrath of Beogh upon you.
Pain shoots through your body!
* * * LOW HITPOINT WARNING * * *
You hit the orc priest but do no damage.
The orc priest is moderately wounded.
The orc priest calls down the wrath of Beogh upon you.
Pain shoots through your body!
You die...

.. ...... .o #....##
. .......
#o###.....#.
#.#......?..
#...........
##.........
####.#####.<....#...
.......@oS.######
..##########


You could see an orc priest and an adder.

Vanquished Creatures
  2 orc priests (D:3)
  4 orcs
  5 bats
  6 endoplasms
  4 giant cockroaches
  2 goblins (D:1)
  2 hobgoblins
  2 quokkas (D:1)
  5 ball pythons
  4 frilled lizards
  2 kobolds
  3 rats
41 creatures vanquished.

Notes
Turn   | Place    | Note
-------+----------+-------------------------------------------
     0 | D:1      | Rohain the Armataur Fighter began the quest for the Orb.
     0 | D:1      | Reached XP level 1. HP: 18/18 MP: 1/1
   240 | D:1      | Reached XP level 2. HP: 25/25 MP: 2/2
   685 | D:2      | Reached skill level 4 in Armour
   696 | D:2      | Reached XP level 3. HP: 29/30 MP: 3/3
  1301 | D:3      | Found Nedarchou's Weapon Boutique.
  1318 | D:3      | Reached XP level 4. HP: 22/38 MP: 4/4
  1516 | D:4      | Killed from afar by an orc priest

Illustrated notes

Levels and vault maps discovered:
D:1:      dpeg_arrival_tiny_a, layout_rooms
D:2:      layout_loops_ring
D:3:      minmay_general_purpose_star, layout_loops_corners, serial_shops,
          nicolae_shop_bloodbath_and_beyond
D:4:      layout_rooms, jmf_multi_god_temple2, nicolae_zig_zag_zippers

Skill      XL: |  1  2  3  4 |
---------------+-------------+-----
Long Blades    | 2 3 |  3.1
Armour         | 4 |  4.3
Fighting       | 3 |  3.2
Shields        | |  3.9

Action                     |  1- 3 |  4- 6 || total
---------------------------+-------+-------++-------
  Melee: Long sword        |    87 |    35 ||   122
         Tailslap          |     9 |     3 ||    12
    Use: Scroll            |     5 |       ||     5
 Armour: Scale mail        |    64 |    21 ||    85
  Dodge: Dodged            |    19 |    11 ||    30
  Block: Buckler           |    17 |     4 ||    21

Table legend: (Time is in decaauts)
 A = Elapsed time spent in this place.
 B = Non-inter-level travel time spent in this place.
 C = Inter-level travel time spent in this place.
 D = Time resting spent in this place.
 E = Time spent auto-exploring this place.
 F = Levels seen in this place.
 G = Mean time per level.
                   A        B        C        D        E       F      G
               +--------+--------+--------+--------+--------+-----+--------+
         Total |   1552 |   1506 |     46 |    130 |   1057 |   4 |  388.0 |
       Dungeon |   1552 |   1506 |     46 |    130 |   1057 |   4 |  388.0 |
               +--------+--------+--------+--------+--------+-----+--------+

Top non-repeatable levels by time:
     D:1: 657 daAuts
     D:2: 596 daAuts
     D:3: 270 daAuts
     D:4: 27 daAuts
